 Dungeon Crawl Stone Soup version 0.30-a0-743-gbfdf073431 (webtiles) character file.

Game seed: 3051215762509885424

191 M4edhros the Insei (level 5, -11/33 HPs)
             Began as an Octopode Transmuter on Feb 6, 2023.
             Killed by nerve-wracking pain
             ... invoked by Grinder
              (13 damage)
             ... while paralysed by Grinder
             ... on level 4 of the Dungeon.
             The game lasted 00:01:16 (1194 turns).

M4edhros the Insei (Octopode Transmuter)            Turns: 1194, Time: 00:01:16

Health: -11/33     AC:  1    Str:  9    XL:     5   Next: 70%
Magic:  8/8        EV:  2    Int: 15    God:
Gold:   128        SH:  0    Dex: 15    Spells: 7/8 levels left

rFire   . . .      SeeInvis .      - Unarmed
rCold   . . .      Faith    .    (no shield)
rNeg    . . .      Spirit   .    (helmet restricted)
rPois   .          Reflect  .    (no amulet)
rElec   .          Harm     .    (no ring)
rCorr   .          Rampage  .    (no ring)
Will    .....                    (no ring)
Stlth   ++                       (no ring)
HPRegen 0.25/turn                (no ring)
MPRegen 0.11/turn                (no ring)
                                 (no ring)
                                 (no ring)

@: paralysed, mighty
A: almost no armour, amphibious, 8 rings, camouflage 1, gelatinous body 1,
(nimble swimmer 1), tentacles
a: no special abilities


You were on level 4 of the Dungeon.
You visited 1 branch of the dungeon, and saw 4 of its levels.

You collected 128 gold pieces.

Inventory:

Missiles
 a - 4 javelins
Scrolls
 b - 2 scrolls of blinking {unknown}
 e - 4 scrolls of teleportation {unknown}
 f - a scroll of poison {unknown}
 g - 2 scrolls of vulnerability {unknown}
 h - a scroll of identify {unknown}
Potions
 d - 3 potions of ambrosia {unknown}


   Skills:
 - Level 1.0 Fighting
 - Level 2.0 Dodging
 + Level 4.8 Unarmed Combat
 - Level 2.0 Spellcasting
 + Level 4.2 Transmutations


You had 7 spell levels left.
You knew the following spells:

 Your Spells              Type           Power      Damage    Failure   Level
a - Beastly Appendage     Tmut           28%        N/A       3%          1

Your spell library contained the following spells:

 Spells                   Type           Power      Damage    Failure   Level
 Wereblood                Tmut           14%        N/A       6%          2
 Spider Form              Tmut/Pois      7%         N/A       28%         3
 Ice Form                 Ice/Tmut       7%         N/A       67%         4


Dungeon Overview and Level Annotations

Branches:
Dungeon (4/15)
 Temple: D:4-7

Altars:
Fedhas
Vehumet

Shops:
D:2 !   D:4 (

Annotations:
D:4 Grinder


Innate Abilities, Weirdness & Mutations

You cannot wear most types of armour.
You are amphibious.
You can wear up to eight rings at the same time.
Your skin changes colour to match your surroundings (Stealth+).
Your rubbery body absorbs attacks. (AC +1, EV +1)
((You are camouflaged when in or above water. (Stealth+)))
You have tentacles for arms and can constrict up to eight enemies at once.


Message History

You now have 109 gold pieces (gained 4).
You now have 121 gold pieces (gained 12).
d - 3 orange potions (gained 1)
You now have 128 gold pieces (gained 7).
Grinder comes into view.
She is carrying a wand of roots (6).
Found a blossoming altar of Fedhas.
Grinder is nearby!
Grinder zaps a wand.
The roots erupt in riotous growth!
The grasping roots grab you! The grasping roots constrict you!
You escape the roots grasp.
Grinder misses you.
You closely miss Grinder. You grab Grinder. You constrict Grinder.
Grinder zaps a wand.
The roots erupt in riotous growth!
The grasping roots grab you!
Grinder is unaffected.
The grasping roots constrict you.
You tentacle-slap Grinder but do no damage.
You squeeze Grinder.
Grinder is lightly wounded.
You constrict Grinder. Grinder hits you. The grasping roots constrict you.
You are too injured to fight recklessly!
You escape the roots grasp.
You release your grip on Grinder.
Grinder gestures at you. You resist with significant effort.
It was a potion of might.
You feel very mighty all of a sudden.
You bludgeon Grinder! Your grab misses Grinder.
Grinder is heavily wounded.
Grinder hits you!
* * * LOW HITPOINT WARNING * * *
You writhe in agony.
* * * LOW HITPOINT WARNING * * *
You tentacle-slap Grinder. You grab Grinder. You squeeze Grinder!
Grinder is almost dead.
You constrict Grinder, but do no damage.
Grinder gestures at you.
You suddenly lose the ability to move!
You lose your grip on Grinder.
Grinder gestures at you. Pain shoots through your body!
You die...

#.# ♣♣♣♣ #.#
♣♣...♣♣ #.#
♣♣.....♣♣
#.#####.#
♣♣.......♣♣
.........
♣...._....♣
......>..
♣♣.........♣♣
.#####..#
♣...........♣
..## #
♣.5.....♣
...#
♣♣♣@..♣♣♣
P..# #
♣♣...♣♣
∩P.###..#
♣.....♣
.P......#
###.###
...###.## #.#
.### #.# ..##
#.#####.#
...###.#
#.......#
.......#
######..#


You could see Grinder.

Vanquished Creatures
  A scorpion (D:4)
  A hound (D:4)
  A scorpion zombie (D:3)
  A hound zombie (D:3)
  4 adders
  An adder skeleton (D:3)
  An orc (D:4)
  5 ball pythons
  3 bats (D:2)
  An endoplasm (D:2)
  A goblin (D:2)
  3 hobgoblins
  2 quokkas (D:3)
  A jackal zombie (D:3)
  2 kobolds (D:1)
  A rat (D:3)
29 creatures vanquished.

Notes
Turn   | Place    | Note
-------+----------+-------------------------------------------
     0 | D:1      | M4edhros the Octopode Transmuter began the quest for the
                  | Orb.
     0 | D:1      | Reached XP level 1. HP: 13/13 MP: 3/3
   146 | D:2      | Reached XP level 2. HP: 18/18 MP: 5/5
   157 | D:2      | Found Kuul's Distillery.
   304 | D:2      | Found a radiant altar of Vehumet.
   416 | D:3      | Reached XP level 3. HP: 23/23 MP: 6/6
   500 | D:3      | Reached XP level 4. HP: 21/28 MP: 7/7
   744 | D:4      | Found Ilasubad's Antique Weapon Boutique.
   755 | D:4      | Reached XP level 5. HP: 25/33 MP: 8/8
  1183 | D:4      | Found a blossoming altar of Fedhas.
  1183 | D:4      | Noticed Grinder
  1192 | D:4      | HP: 1/33 [Grinder (3)]
  1193 | D:4      | Paralysed by Grinder for 5 turns
  1194 | D:4      | Killed from afar by Grinder

Illustrated notes

Levels and vault maps discovered:
D:1:      matt_arrival_refuge, layout_loops_cross, serial_shops, shop,
          serial_forest, infiniplex_forest_straight_2,
          infiniplex_forest_clump_diagonal, infiniplex_forest_clump_curved,
          infiniplex_forest_clump_diagonal, infiniplex_forest_straight_1,
          chequers_serial_rivers_micro_b
D:2:      layout_loops_ring, basic_altar, serial_shops, shop, roderic_lattice_a
D:3:      layout_loops_ring, lemuel_coloured_pillars_altar, serial_undead,
          serial_undead_d, serial_undead_e, serial_undead_f, serial_undead_e,
          glass_columns_b, nicolae_hexahallways, st_stairs_4
D:4:      layout_loops_ring, fedhas_altar_fruit_tree, serial_shops,
          nicolae_shop_overgrown_old_shop, uniq_grinder

Skill      XL: |  1  2  3  4  5 |
---------------+----------------+-----
Transmutations | 3 4 |  4.2
Unarmed Combat | 4 |  4.8
Fighting       | |  1.0
Dodging        | |  2.0
Spellcasting   | |  2.0

Action                     |  1- 3 |  4- 6 || total
---------------------------+-------+-------++-------
  Melee: Unarmed           |    51 |    39 ||    90
         Constrict         |    14 |     7 ||    21
         Tentacles         |     8 |    10 ||    18
         Punch             |     2 |     1 ||     3
    Use: Potion            |     1 |     1 ||     2
   Stab: Sleeping          |     3 |     2 ||     5
 Armour: Skin              |    11 |    11 ||    22
  Dodge: Dodged            |    36 |    16 ||    52

Table legend: (Time is in decaauts)
 A = Elapsed time spent in this place.
 B = Non-inter-level travel time spent in this place.
 C = Inter-level travel time spent in this place.
 D = Time resting spent in this place.
 E = Time spent auto-exploring this place.
 F = Levels seen in this place.
 G = Mean time per level.
                   A        B        C        D        E       F      G
               +--------+--------+--------+--------+--------+-----+--------+
         Total |   1185 |   1164 |     21 |     58 |    864 |   4 |  296.2 |
       Dungeon |   1185 |   1164 |     21 |     58 |    864 |   4 |  296.2 |
               +--------+--------+--------+--------+--------+-----+--------+

Top non-repeatable levels by time:
     D:4: 447 daAuts
     D:3: 402 daAuts
     D:2: 197 daAuts
     D:1: 137 daAuts
